 Dungeon Crawl Stone Soup version 0.30-a0-715-gdb4ae3ece1 (webtiles) character file.

Game seed: 8403188607666988229

9 M4edhros the Charlatan (level 2, -1/18 HPs)
             Began as an Octopode Artificer on Jan 23, 2023.
             Slain by an endoplasm (2 damage)
             ... on level 1 of the Dungeon.
             The game lasted 00:00:16 (128 turns).

M4edhros the Charlatan (Octopode Artificer)          Turns: 128, Time: 00:00:17

Health: -1/18      AC:  1    Str: 11    XL:     2   Next: 16%
Magic:  2/2        EV: 13    Int: 13    God:
Gold:   35         SH:  0    Dex: 12    Spells: 1/1 levels left

rFire   . . .      SeeInvis .      - Unarmed
rCold   . . .      Faith    .    (no shield)
rNeg    . . .      Spirit   .    (helmet restricted)
rPois   .          Reflect  .    (no amulet)
rElec   .          Harm     .    (no ring)
rCorr   .          Rampage  .    (no ring)
Will    .....                    (no ring)
Stlth   +++                      (no ring)
HPRegen 0.23/turn                (no ring)
MPRegen 0.08/turn                (no ring)
                                 (no ring)
                                 (no ring)

@: no status effects
A: almost no armour, amphibious, 8 rings, camouflage 1, gelatinous body 1,
(nimble swimmer 1), tentacles
a: no special abilities


You were on level 1 of the Dungeon.
You visited 1 branch of the dungeon, and saw 1 of its levels.

You collected 35 gold pieces.

Inventory:

Wands
 b - a wand of flame (15) (quivered)
 c - a wand of charming (14)
 d - a wand of iceblast (5)
Scrolls
 a - a scroll of poison {unknown}
 g - a scroll of vulnerability {unknown}
Potions
 e - a potion of mutation {unknown}
 f - a potion of invisibility {unknown}
 h - a potion of degeneration {unknown}


   Skills:
 - Level 1.0 Fighting
 - Level 2.3 Dodging
 - Level 1.3 Stealth
 + Level 1.7 Unarmed Combat
 - Level 3.2 Evocations


You had one spell level left.
You didn't know any spells.
Your spell library was empty.

Dungeon Overview and Level Annotations

Branches:
Dungeon (1/15)

Altars:


Innate Abilities, Weirdness & Mutations

You cannot wear most types of armour.
You are amphibious.
You can wear up to eight rings at the same time.
Your skin changes colour to match your surroundings (Stealth+).
Your rubbery body absorbs attacks. (AC +1, EV +1)
((You are camouflaged when in or above water. (Stealth+)))
You have tentacles for arms and can constrict up to eight enemies at once.


Message History

A hobgoblin comes into view.
The hobgoblin shouts!
Found a stone staircase leading down.
A hobgoblin is nearby!
A hobgoblin is nearby!
A hobgoblin is nearby!
Found a silvery potion.
A kobold comes into view. It is wielding a +0 spear.
The hobgoblin barely misses you.
You see here 10 gold pieces.
The kobold shouts!
You tentacle-slap the hobgoblin.
You kill the hobgoblin!
Found a short sword.
An endoplasm comes into view.
The endoplasm quivers.
The kobold hits you from afar with a +0 spear.
There are monsters nearby!
Found an escape hatch in the floor.
The kobold closely misses you.
There are monsters nearby!
The kobold barely misses you.
You closely miss the kobold. Your grab misses the kobold.
The kobold hits you but does no damage. The kobold misses you.
The endoplasm hits you.
You tentacle-slap the endoplasm.
You squeeze the endoplasm, but do no damage.
The endoplasm is lightly wounded.
The endoplasm closely misses you. The kobold hits you with a +0 spear.
You barely miss the endoplasm.
The endoplasm is lightly wounded.
The kobold hits you with a +0 spear. The endoplasm freezes you.
You are frozen.
* * * LOW HITPOINT WARNING * * *
You are too injured to fight recklessly!
Aiming: Charm
Press: ? - help, Shift-Dir - straight line, f - endoplasm
Aim: an endoplasm (lightly wounded, chance to affect: 73%)
The kobold is charmed.
The endoplasm hits you.
You die...

##.....## ##.......#
#>........ ###
#......... ..#########
#...)..... ..........#
#!........
..........#####.........
................@J......
..........#####..K......
..........# #.........
......†...#####.........
...........##......>....
##.^..........$........#
..........#.#.........##
#............##.##.####
##....##.........#.#


You could see an endoplasm and a friendly kobold (charmed).

Vanquished Creatures
  2 dart slugs (D:1)
  A giant cockroach (D:1)
  A hobgoblin (D:1)
  A frilled lizard (D:1)
  A rat (D:1)
6 creatures vanquished.

Notes
Turn   | Place    | Note
-------+----------+-------------------------------------------
     0 | D:1      | M4edhros the Octopode Artificer began the quest for the
                  | Orb.
     0 | D:1      | Reached XP level 1. HP: 13/13 MP: 1/1
    49 | D:1      | Reached skill level 1 in Unarmed Combat
   110 | D:1      | Reached XP level 2. HP: 18/18 MP: 2/2
   128 | D:1      | Slain by an endoplasm

Illustrated notes

Levels and vault maps discovered:
D:1:      mrwooster_arrival_statue, layout_rooms

Skill      XL: |  1 |
---------------+----+-----
Unarmed Combat | 1 |  1.7
Fighting       | |  1.0
Dodging        | |  2.3
Stealth        | |  1.3
Evocations     | |  3.2

Action                     || total
---------------------------++-------
  Melee: Unarmed           ||    14
         Constrict         ||     4
         Tentacles         ||     4
  Evoke: Wand              ||     1
   Stab: Sleeping          ||     1
 Armour: Skin              ||     1
  Dodge: Dodged            ||    10

Table legend: (Time is in decaauts)
 A = Elapsed time spent in this place.
 B = Non-inter-level travel time spent in this place.
 C = Inter-level travel time spent in this place.
 D = Time resting spent in this place.
 E = Time spent auto-exploring this place.
 F = Levels seen in this place.
 G = Mean time per level.
                   A        B        C        D        E       F      G
               +--------+--------+--------+--------+--------+-----+--------+
         Total |    127 |    127 |      0 |      0 |     76 |   1 |  127.0 |
       Dungeon |    127 |    127 |      0 |      0 |     76 |   1 |  127.0 |
               +--------+--------+--------+--------+--------+-----+--------+

Top non-repeatable levels by time:
     D:1: 127 daAuts
